 Dungeon Crawl Stone Soup version 0.32-a0-20-ge526923d97 (webtiles) character file.

Game seed: 9865134213066281367

142 croobank the Sneak (level 5, 0/42 HPs)
             Began as a Human Delver on Jan 18, 2024.
             Slain by a scorpion (5 damage)
             ... on level 4 of the Dungeon.
             The game lasted 00:06:30 (2543 turns).

croobank the Sneak (Human Delver)                   Turns: 2543, Time: 00:06:31

Health: 0/42       AC:  3    Str: 12    XL:     5   Next: 25%
Magic:  5/5        EV: 13    Int: 13    God:
Gold:   191        SH:  5    Dex: 20    Spells: 2/4 levels left

rFire   . . .        o - +0 short sword (flame)
rCold   . . .        (no shield)
rNeg    . . .        b - +0 leather armour
rPois   .            (no helmet)
rElec   .            (no cloak)
rCorr   .            (no gloves)
SInv    .            (no boots)
Will    .....        s - amulet of reflection
Stlth   +++          h - +6 ring of dexterity
HPRegen 0.27/turn    (no ring)
MPRegen 0.09/turn

%: reflection
@: hasted, very quick
A: explore regen
a: no special abilities


You were on level 4 of the Dungeon.
You visited 1 branch of the dungeon, and saw 6 of its levels.

You collected 191 gold pieces.

Inventory:

Hand Weapons
 o - a +0 short sword of flaming (weapon)
 q - the +3 spear "Vepo" {pain, Dex+4 Stlth-}
   (You took it off a hobgoblin on level 2 of the Dungeon)

   Dex+4:     It affects your dexterity (+4).
   Stlth-:    It makes you less stealthy.
Armour
 b - a +0 leather armour (worn)
 m - a +0 ring mail
Jewellery
 a - a ring of wizardry
 h - a +6 ring of dexterity (left hand)
 r - a ring of wizardry
 s - an amulet of reflection (around neck)
Talismans
 p - a flux talisman
Wands
 g - a wand of digging (3)
Scrolls
 c - 2 scrolls of fog
 d - a scroll of revelation
 e - a scroll of fear
 k - 2 scrolls of identify {unknown}
 n - a scroll of brand weapon {unknown}
Potions
 f - a potion of haste
 i - a potion of curing {unknown}
 j - 2 potions of might {unknown}
 l - a potion of lignification {unknown}
 t - a potion of brilliance {unknown}


   Skills:
 + Level 3.8 Fighting
 + Level 3.1 Short Blades
 + Level 3.1 Dodging
 + Level 5.6 Stealth
 * Level 0.0 Spellcasting
 * Level 0.0 Translocations


You had 2 spell levels left.
You knew the following spells:

 Your Spells              Type           Power      Damage    Failure   Level
B - Blink                 Tloc           0%         N/A       52%         2

Your spell library contained the following spells:

 Spells                   Type           Power      Damage    Failure   Level
 Magic Dart               Conj           0%         1d3       36%         1
 Call Imp                 Summ           0%         N/A       52%         2


Dungeon Overview and Level Annotations

Branches:
Dungeon (6/15)
 Temple: D:4-7

Altars:
Hepliaklqana
Xom

Portals:
Sewer: D:6

Annotations:
D:1 exclusion: downstairs


Innate Abilities, Weirdness & Mutations

You regain HP and MP as you explore.


Message History

The scorpion is lightly wounded.
You feel sick. The scorpion stings you.
You hit the scorpion. You burn the scorpion.
The scorpion is moderately wounded.
You feel sick. You block the scorpion's attack.
You hit the scorpion. You burn the scorpion.
The scorpion is moderately wounded.
The scorpion completely misses you.
You hit the scorpion. You burn the scorpion.
The scorpion is severely wounded.
You feel sick.
You closely miss the scorpion.
The scorpion is severely wounded.
You block the scorpion's attack.
You hit the scorpion but do no damage.
The scorpion is severely wounded.
You feel sick. The scorpion barely misses you.
You closely miss the scorpion.
The scorpion is severely wounded.
You closely miss the scorpion.
The scorpion is severely wounded.
You feel sick. The scorpion barely misses you.
You barely miss the scorpion.
The scorpion is heavily wounded.
You feel sick.
You are no longer poisoned.
The scorpion closely misses you.
You hit the scorpion but do no damage.
The scorpion is heavily wounded.
You hit the scorpion but do no damage.
The scorpion is heavily wounded.
The scorpion barely misses you.
You hit the scorpion. You burn the scorpion. Your punch misses the scorpion.
The scorpion is severely wounded.
The scorpion stings you.
* * * LOW HITPOINT WARNING * * *
You hit the scorpion. You burn the scorpion.
The scorpion is almost dead.
The scorpion stings you.
You die...

.) .# #.# .# #.# .#
#.# .# #.# ##.# #.#
#.s# ####.####@#
###.........###.#
#...............#
#....#.##............#
#.# #.###############
#.# #.# #.# #.# ###.#
#.# ....# #.#


You could see a scorpion.

Vanquished Creatures
  An iguana (D:5)
  3 gnolls
  4 adders
  3 dart slugs
  A ribbon worm (D:2)
  An orc (D:2)
  7 bats
  An endoplasm (D:1)
  2 giant cockroaches
  3 goblins
  3 hobgoblins
  2 kobolds (D:3)
  3 quokkas
  3 ball pythons
  4 frilled lizards
  7 rats
48 creatures vanquished.

Notes
Turn   | Place    | Note
-------+----------+-------------------------------------------
     0 | D:5      | croobank the Human Delver began the quest for the Orb.
     0 | D:5      | Reached XP level 1. HP: 18/18 MP: 1/1
     1 | D:6      | Noticed an orc warrior
     2 | D:6      | Noticed an orc priest
     2 | D:6      | Noticed an orc priest
    26 | D:5      | Noticed an iguana
    37 | D:5      | Killed an iguana
    38 | D:5      | Reached XP level 2. HP: 22/24 MP: 2/2
    38 | D:5      | Reached XP level 3. HP: 26/29 MP: 3/3
    53 | D:6      | Found a glowing drain.
   776 | D:1      | Reached XP level 4. HP: 33/35 MP: 4/4
  1498 | D:2      | Reached XP level 5. HP: 39/42 MP: 5/5
  1503 | D:2      | Identified the +3 spear "Vepo" {pain, Dex+4 Stlth-}
  1546 | D:2      | Found a shimmering altar of Xom.
  2017 | D:3      | Learned a level 2 spell: Blink
  2133 | D:3      | Found a hazy altar of Hepliaklqana.
  2543 | D:4      | Slain by a scorpion

Illustrated notes

Levels and vault maps discovered:
D:1:      dpeg_arrival_tiny_a, layout_basic
D:2:      layout_rooms, basic_altar
D:3:      layout_basic, general_overflow_altar, chequers_serial_rivers_small_b
D:4:      layout_loops_ring, temple_fountains, gammafunk_ghost_arena,
          uniq_blork_the_orc, uniq_eustachio, uniq_grinder
D:5:      layout_gridville, minitemple, serial_shops,
          nicolae_shop_real_fake_doors, uniq_duvessa
D:6:      minmay_cornered_nines, layout_rooms, amethyst_overflow_temple_binary,
          lemuel_tele_altar, cheibrodos_sewer_entry_sluice,
          chequers_serial_rivers_micro_d, uniq_crazy_yiuf_cottage,
          uniq_menkaure, uniq_sigmund

Skill      XL: |  1  2  3  4 |
---------------+-------------+-----
Short Blades   | 3 |  3.1
Dodging        | 3 |  3.1
Fighting       | |  3.8
Stealth        | |  5.6

Action                     |  1- 3 |  4- 6 || total
---------------------------+-------+-------++-------
  Melee: Short sword       |    71 |   109 ||   180
    Use: Potion            |       |     1 ||     1
   Stab: Sleeping          |     6 |     9 ||    15
         Distracted        |       |     1 ||     1
 Armour: Leather armour    |    35 |    38 ||    73
  Dodge: Dodged            |    42 |    68 ||   110
  Block: Other             |       |     8 ||     8

Table legend: (Time is in decaauts)
 A = Elapsed time spent in this place.
 B = Non-inter-level travel time spent in this place.
 C = Inter-level travel time spent in this place.
 D = Time resting spent in this place.
 E = Time spent auto-exploring this place.
 F = Levels seen in this place.
 G = Mean time per level.
                   A        B        C        D        E       F      G
               +--------+--------+--------+--------+--------+-----+--------+
         Total |   2521 |   2435 |     86 |    351 |   1524 |   6 |  420.2 |
       Dungeon |   2521 |   2435 |     86 |    351 |   1524 |   6 |  420.2 |
               +--------+--------+--------+--------+--------+-----+--------+

Top non-repeatable levels by time:
     D:1: 863 daAuts
     D:3: 811 daAuts
     D:2: 645 daAuts
     D:4: 117 daAuts
     D:5: 79 daAuts
     D:6: 3 daAuts
